Map: Abyssal Reef LE

Players

ReiGN

  • Race: Protoss Protoss
  • Spawn Location: 11:00

Ryung - Winner!

  • Race: Terran Terran
  • Spawn Location: 5:00

Event: IEM XI Katowice - World Championship 2017

VOD

Have the link to the VOD?

Description

Time

  • Played on: Feb. 28, 2017, 8:35 a.m.
  • Length: 10:02

All games in this series

Show
View Real Time Build Order
Export as new Build Order

ReiGN Protoss 

Build Orders: 1 Gate Expand, Colossus Rush 

Get SALT Encoding   

  12  0:01  Probe (Chrono Boost)  
  13  0:11  Probe (Chrono Boost)  
  14  0:17  Pylon  
  14  0:22  Probe (Chrono Boost)  
  15  0:36  Probe (Chrono Boost)  
  15  0:38  Gateway  
  16  0:43  Assimilator  
  16  0:47  Probe (Chrono Boost)  
  17  0:58  Probe (Chrono Boost)  
  18  1:08  Probe (Chrono Boost)  
  19  1:19  Probe (Chrono Boost)  
  19  1:24  Nexus  
  20  1:35  Cybernetics Core  
  20  1:36  Probe (Chrono Boost)  
  21  1:43  Assimilator  
  22  1:47  Probe (Chrono Boost)  
  22  1:53  Pylon  
  22  1:58  Probe (Chrono Boost)  
  23  2:12  Adept, Mothership Core (Chrono Boost)  
  27  2:16  Pylon  
  27  2:21  Warp Gate  
  27  2:31  Probe (Chrono Boost)  
  28  2:43  Robotics Facility  
  28  2:49  Probe (Chrono Boost)  
  28  2:50  Probe (Chrono Boost)  
  32  2:51  Adept  
  32  3:00  Probe x2 (Chrono Boost)  
  34  3:10  Probe (Chrono Boost)  
  34  3:11  Probe (Chrono Boost)  
  36  3:18  Adept  
  38  3:21  Probe x2 (Chrono Boost)  
  38  3:27  Pylon  
  40  3:31  Robotics Bay  
  40  3:33  Probe (Chrono Boost)  
  42  3:34  Probe (Chrono Boost)  
  42  3:35  Observer  
  43  3:44  Probe (Chrono Boost)  
  43  3:46  Probe (Chrono Boost)  
  45  3:52  Warp Prism  
  45  3:54  Probe (Chrono Boost)  
  46  3:58  Probe (Chrono Boost)  
  49  4:13  Gravitic Drive, Probe (Chrono Boost)  
  49  4:14  Probe (Chrono Boost)  
  49  4:15  Gateway  
  51  4:18  Gateway  
  51  4:20  Pylon  
  52  4:25  Probe (Chrono Boost)  
  52  4:26  Probe (Chrono Boost)  
  52  4:28  Disruptor  
  43  4:37  Probe (Chrono Boost)  
  43  4:38  Probe (Chrono Boost)  
  48  4:49  Probe (Chrono Boost)  
  48  4:50  Probe (Chrono Boost)  
  50  4:53  Assimilator  
  50  4:55  Assimilator  
  51  5:01  Probe (Chrono Boost)  
  51  5:02  Probe (Chrono Boost)  
  52  5:11  Nexus  
  52  5:12  Pylon, Probe (Chrono Boost)  
  54  5:14  Probe (Chrono Boost)  
  54  5:23  Probe (Chrono Boost)  
  54  5:26  Probe (Chrono Boost)  
  54  5:27  Colossus  
  56  5:34  Probe (Chrono Boost)  
  63  5:38  Probe (Chrono Boost)  
  63  5:44  Probe (Chrono Boost)  
  64  5:51  Probe (Chrono Boost)  
  64  5:52  Extended Thermal Lance  
  64  5:55  Probe (Chrono Boost)  
  65  6:03  Probe (Chrono Boost)  
  65  6:04  Stalker x2  
  70  6:05  Probe (Chrono Boost)  
  70  6:07  Pylon  
  71  6:13  Colossus  
  71  6:15  Probe (Chrono Boost)  
  71  6:16  Probe (Chrono Boost)  
  79  6:26  Twilight Council, Probe (Chrono Boost)  
  79  6:27  Probe (Chrono Boost)  
  79  6:28  Probe (Chrono Boost)  
  81  6:35  Stalker  
  81  6:37  Probe (Chrono Boost)  
  81  6:39  Probe x2 (Chrono Boost)  
  86  6:47  Probe (Chrono Boost)  
  86  6:51  Probe x2 (Chrono Boost)  
  86  6:52  Stalker x2  
  93  6:58  Probe (Chrono Boost)  
  94  7:03  Blink, Probe (Chrono Boost)  
  94  7:07  Forge  
  95  7:09  Pylon, Forge  
  95  7:11  Stalker  
  87  7:25  Probe (Chrono Boost), Stalker x2  
  87  7:28  Protoss Ground Armor Level 1, Protoss Ground Weapons Level 1  
  87  7:29  Pylon  
  81  7:41  Stalker  
  79  7:46  Probe (Chrono Boost)  
  79  7:52  Nexus, Pylon  
  79  7:53  Stalker x2  
  81  8:07  Probe (Chrono Boost)  
  81  8:09  Probe (Chrono Boost)  
  83  8:13  Observer  
  83  8:26  Probe (Chrono Boost)  
  84  8:27  Probe (Chrono Boost)  
  87  8:38  Probe (Chrono Boost)  
  87  8:39  Probe (Chrono Boost)  
  89  8:50  Probe (Chrono Boost)  
  89  8:51  Probe (Chrono Boost)  
  89  8:52  Stalker  
  93  8:58  Gateway  
  93  8:59  Gateway x2  
  93  9:02  Gateway, Probe (Chrono Boost)  
  89  9:03  Probe (Chrono Boost)  
  89  9:08  Probe (Chrono Boost)  
  89  9:11  Stalker x2  
  89  9:14  Probe (Chrono Boost)  
  89  9:15  Probe (Chrono Boost)  
  95  9:19  Probe (Chrono Boost)  
  95  9:22  Immortal  
  94  9:24  Dark Shrine  
  94  9:26  Probe (Chrono Boost), Templar Archives  
  94  9:31  Probe x2 (Chrono Boost)  
  95  9:34  Adept x3  
  101  9:43  Probe (Chrono Boost)  
Show
View Real Time Build Order
Export as new Build Order

Ryung Terran - Winner!

Build Orders: Reaper Expand, MMM Bio 

Get SALT Encoding   

  12  0:00  SCV  
  13  0:13  SCV  
  14  0:17  Supply Depot  
  14  0:25  SCV  
  14  0:28  Refinery  
  15  0:38  SCV  
  16  0:45  Barracks  
  16  0:50  SCV  
  17  1:03  SCV  
  18  1:15  SCV  
  19  1:33  Reaper, Orbital Command  
  20  1:44  Command Center  
  20  1:56  Factory  
  20  1:59  SCV  
  21  2:07  Barracks Reactor  
  21  2:10  Refinery  
  21  2:11  SCV  
  22  2:19  Supply Depot  
  22  2:23  SCV  
  23  2:40  SCV  
  23  2:41  Starport  
  23  2:44  Marine x2  
  24  2:46  Widow Mine  
  28  2:52  SCV  
  29  2:59  Orbital Command  
  29  3:04  Marine, SCV  
  31  3:07  Marine  
  32  3:15  Widow Mine  
  32  3:17  SCV  
  32  3:19  Medivac  
  37  3:25  SCV  
  38  3:29  Marine x2, SCV  
  41  3:36  Supply Depot  
  41  3:38  SCV  
  41  3:41  SCV  
  43  3:44  Barracks  
  43  3:48  Factory Tech Lab  
  43  3:54  SCV x2  
  45  3:57  Marine x2  
  47  4:06  SCV x2  
  47  4:07  Siege Tank  
  47  4:09  Supply Depot  
  51  4:18  SCV x2  
  51  4:20  Barracks  
  53  4:28  Refinery  
  53  4:29  Refinery  
  53  4:30  SCV x2  
  55  4:32  Engineering Bay  
  55  4:35  Barracks Tech Lab  
  57  4:42  SCV  
  57  4:43  SCV  
  59  4:48  Siege Tank  
  59  4:49  Supply Depot  
  60  4:55  SCV x2  
  60  4:56  Supply Depot  
  60  4:59  Starport Reactor, Stimpack  
  62  5:01  Terran Infantry Weapons Level 1  
  62  5:11  SCV x2  
  64  5:16  Marine  
  64  5:17  Marine, Supply Depot  
  64  5:19  Marine  
  67  5:22  Supply Depot  
  67  5:26  SCV x2  
  67  5:27  Factory Reactor  
  67  5:28  Missile Turret  
  69  5:32  Marine  
  69  5:33  Combat Shields  
  69  5:34  Marine  
  68  5:39  SCV x2  
  70  5:46  Marine x2  
  70  5:48  Medivac x2  
  76  5:50  Marine  
  76  5:51  SCV  
  76  5:52  Marine  
  79  5:59  Supply Depot  
  79  6:04  SCV x2  
  79  6:05  Missile Turret  
  79  6:07  Marine  
  79  6:08  Marauder  
  79  6:09  Marauder  
  86  6:18  Supply Depot  
  83  6:19  Marine  
  83  6:22  Medivac x2  
  88  6:30  Marine, Marauder x2  
  93  6:37  Marine  
  93  6:38  Supply Depot  
  94  6:40  Widow Mine x2  
  94  6:42  Supply Depot  
  94  6:52  SCV  
  94  6:53  SCV  
  94  6:57  Marine x4  
  98  7:01  Command Center  
  98  7:02  Terran Infantry Armor Level 1  
  98  7:17  Marine, Marauder x2  
  98  7:23  SCV x2  
  98  7:24  Marine  
  98  7:29  Viking  
  103  7:32  Barracks  
  103  7:33  Barracks  
  103  7:34  Marine  
  93  7:39  SCV x2  
  93  7:40  Marauder x2  
  94  7:49  Viking  
  96  7:55  Marine x2  
  96  7:57  SCV x2  
  100  7:59  Viking  
  98  8:09  SCV x2  
  98  8:10  Armory, Engineering Bay  
  100  8:15  Orbital Command  
  100  8:20  Marine x2  
  100  8:21  SCV x2  
  100  8:23  Barracks Tech Lab  
  100  8:26  Viking  
  106  8:33  SCV x2  
  108  8:40  Marine x2  
  108  8:41  Marine x2, Marauder x2  
  114  8:43  Marauder  
  118  8:51  SCV x3  
  118  8:52  Supply Depot  
  118  8:54  Supply Depot  
  118  8:55  Factory Reactor  
  121  9:00  Starport  
  123  9:03  Marauder  
  123  9:04  Viking  
  123  9:05  Viking  
  123  9:12  Marine x4  
  127  9:18  Marauder x2  
  131  9:29  Marauder  
  133  9:32  Refinery x2  
  133  9:33  SCV  
  133  9:34  Supply Depot x2, SCV x2  
  133  9:36  Marine x4  
  140  9:39  Marauder  

Tags
 
Add a new tag
Caveats
  • Supply blocks, unpowered buildings, or Contaminate may cause inaccurate times.
  • Supply counts are checked every 10 seconds.